 Dungeon Crawl Stone Soup version 0.31.0-11-ge490571c62 (webtiles) character file.

Game seed: 5567932690991007008

39 qw the Shooter (level 3, 0/18 HPs)
             Began as a Spriggan Hunter on Feb 3, 2024.
             Slain by Natasha (9 damage)
             ... on level 2 of the Dungeon.
             The game lasted 00:00:15 (824 turns).

qw the Shooter (Spriggan Hunter)                     Turns: 824, Time: 00:00:15

Health: 0/18       AC:  2    Str:  7    XL:     3   Next: 28%
Magic:  4/4        EV: 19    Int: 10    God:
Gold:   74         SH:  0    Dex: 20    Spells: 2/2 levels left

rFire   . . .        a - +0 shortbow
rCold   . . .        (shield currently unavailable)
rNeg    . . .        c - +0 robe
rPois   +            (helmet restricted)
rElec   .            (no cloak)
rCorr   .            (gloves unavailable)
SInv    +            (boots unavailable)
Will    .....        (no amulet)
Stlth   ++           d - ring of poison resistance
HPRegen 0.23/turn    (no ring)
MPRegen 0.09/turn

%: no passive effects
@: slowed, quick
A: very small, no large weapons, unfitting armour, see invisible, speed 3
a: no special abilities


You were on level 2 of the Dungeon.
You visited 1 branch of the dungeon, and saw 2 of its levels.

You collected 74 gold pieces.


Innate Abilities, Weirdness & Mutations

You are very small and have problems with some larger weapons.
You are too small for most types of armour.
You have supernaturally acute eyesight. (SInv)
You cover ground extremely quickly. (Speed+++)


   Skills:
 - Level 1.5 Fighting
 + Level 4.6 Ranged Weapons
 - Level 4.0 Dodging
 - Level 1.5 Stealth


You had 2 spell levels left.
You didn't know any spells.
Your spell library was empty.

Inventory:

Hand Weapons
 a - a +0 shortbow (weapon)
Armour
 c - a +0 robe (worn)
Jewellery
 d - a ring of poison resistance (left hand)
Potions
 g - a potion of ambrosia {unknown}
 h - a potion of lignification {unknown}

Dungeon Overview and Level Annotations

Branches:
Dungeon (2/15)

Altars:

Shops:
D:1 ?

Annotations:
D:2 Natasha


Message History

There is a stone staircase leading down here.
A dart slug comes into view.
The dart slug launches a dart at you. The slug dart hits you.
Enter note:
Enter note:
Enter note: You shoot an arrow.
The arrow hits the dart slug.
The dart slug is heavily wounded.
You shoot an arrow. The arrow hits the dart slug.
The dart slug is severely wounded.
You shoot an arrow. The arrow hits the dart slug.
The dart slug is almost dead.
You shoot an arrow. The arrow hits the dart slug!
You kill the dart slug!
Natasha, Servant of Life and Death comes into view.
Natasha hisses angrily.
Natasha stares at you and mumbles some strange words.
The magic dart hits you.
815 ||| FLEEEEING.
You start resting.
Natasha is nearby!
You shoot an arrow.
The arrow hits Natasha but does no damage.
You shoot an arrow.
The arrow hits Natasha but does no damage.
Natasha claws you.
You shoot an arrow. The arrow barely misses Natasha.
Natasha stares at you and mumbles some strange words.
You feel yourself slow down.
You shoot an arrow. The arrow completely misses Natasha.
Natasha barely misses you. Natasha closely misses you.
You shoot an arrow. The arrow barely misses Natasha.
Natasha barely misses you. x2
You shoot an arrow. The arrow hits Natasha.
Natasha is moderately wounded.
Natasha claws you!
Ouch! That really hurt!
You die...
Natasha begins licking her fur clean.

####### #.....#
#####
#.###.########...#
##.###............#
#...##.########@..#
##..#...# ##h##
#.#...#.# #......h.
....#...# #..####.#
..#...#.# #..#
....#..## #..#
.......# #..#
.##.#..# #...
.......# ##.#


You could see Natasha.

Vanquished Creatures
  3 dart slugs
  3 ball pythons (D:1)
  3 bats (D:1)
  5 endoplasms (D:1)
  3 giant cockroaches (D:1)
  2 goblins (D:1)
  A hobgoblin (D:1)
  4 jackals (D:1)
  A frilled lizard (D:1)
  2 kobolds (D:1)
  2 rats (D:1)
29 creatures vanquished.

Notes
Turn   | Place    | Note
-------+----------+-------------------------------------------
     0 | D:1      | qw the Spriggan Hunter began the quest for the Orb.
     0 | D:1      | Reached XP level 1. HP: 10/10 MP: 2/2
     0 | D:1      | 0 ||| qw: Version: 0.3-a-155-g5e7d8dd
     0 | D:1      | 0 ||| qw: Game counter: 3350
     0 | D:1      | 0 ||| qw: Melee chars always use a shield: true
     0 | D:1      | 0 ||| qw: God list: Okawaru
     0 | D:1      | 0 ||| qw: Allow faded altars: false
     0 | D:1      | 0 ||| qw: Do Orc after clearing Dungeon:15 true
     0 | D:1      | 0 ||| qw: Do second Lair branch before Depths: true
     0 | D:1      | 0 ||| qw: Lair rune preference: random
     0 | D:1      | 0 ||| qw: Goals: Normal
     0 | D:1      | 0 ||| PLANNING D:1-11
    27 | D:1      | Reached skill level 3 in Dodging
    34 | D:1      | Reached XP level 2. HP: 14/14 MP: 3/3
   249 | D:1      | Found Kiydd's Magic Scroll Shoppe.
   252 | D:1      | 252 ||| SHOPLISTING scroll of enchant weapon (105 gold,
                  | have 25).
   252 | D:1      | 252 ||| SHOPLISTING scroll of identify (28 gold, have 25).
   409 | D:1      | Reached XP level 3. HP: 18/18 MP: 4/4
   708 | D:1      | 708 ||| UPGRADING to ring of poison resistance.
   709 | D:1      | 709 ||| READING scroll labelled VADDE ZOQIVA.
   710 | D:1      | 710 ||| READING scroll labelled EBEIHUO ENWESCH.
   711 | D:1      | 711 ||| DROPPING scroll of butterflies.
   814 | D:2      | Noticed Natasha
   815 | D:2      | 815 ||| FLEEEEING.
   824 | D:2      | Slain by Natasha

Levels and vault maps discovered:
D:1:      scummos_arrival_simple_crosswalls, layout_loops_ring, serial_shops,
          nicolae_shop_behind_doors, corexii_item_surrounded_by_moat,
          hangedman_feature_mirror, minmay_distorted
D:2:      layout_loops_ring, hex_tiny, nicolae_grassy_gnolls, uniq_natasha

Skill      XL: |  1  2 |
---------------+-------+-----
Dodging        | 3 4 |  4.0
Fighting       | |  1.5
Ranged Weapons | |  4.6
Stealth        | |  1.5

Action                     || total
---------------------------++-------
   Fire: Shortbow          ||    80
    Use: Scroll            ||     2
 Armour: Robe              ||    12
  Dodge: Dodged            ||    23

Table legend:
 A = Non-vault XP
 B = Vault XP
 C = Vault XP percentage of total XP
 D = Non-vault monster count
 E = Vault monster count
 F = Vault count percentage of total count
                 A         B        C        D         E       F
            +---------+---------+-------+---------+---------+-------
      Total |      50 |       7 |  12.3 |      25 |       4 |  13.8
            +---------+---------+-------+---------+---------+-------
        D:1 |      46 |       7 |  13.2 |      24 |       4 |  14.3
        D:2 |       4 |       0 |   0.0 |       1 |       0 |   0.0
            +---------+---------+-------+---------+---------+-------
